 Dungeon Crawl Stone Soup version 0.23-a0-54-gae6112e33f (webtiles) character file.

1429415 AnimeWaifu the Eviscerator (level 24, 163/163 HPs)
             Began as a Felid Earth Elementalist on June 1, 2018.
             Was the Champion of Vehumet.
             Escaped with the Orb
             ... and 3 runes on Aug 8, 2018!
             The game lasted 03:51:26 (90161 turns).

AnimeWaifu the Eviscerator (FeEE)                  Turns: 90161, Time: 03:51:26

Health: 163/163    AC: 29    Str:  4    XL:     24   Next: 88%
Magic:  41/41      EV: 38    Int: 21    God:    Vehumet [******]
Gold:   2039       SH:  6    Dex: 20    Spells: 8/49 levels left
                                        Lives:  0   Deaths: 7

rFire    + + +     SeeInvis +     - Unarmed
rCold    + + .     Gourm    .   (shield unavailable)
rNeg     + + .     Faith    .   (armour unavailable)
rPois    ∞         Spirit   .   (helmet unavailable)
rElec    +         Reflect  +   (cloak unavailable)
rCorr    .         Harm     .   (gloves unavailable)
MR       +++..                  (boots unavailable)
Stlth    ++........             M - +6 amulet of reflection
HPRegen  0.37/turn              E - ring of protection from cold
MPRegen  0.27/turn              F - ring "Xonnyan" {*Contam rF+++ rC+ rN+ Int-5}

@: statue-form, deflect missiles, very slow
A: very small, no armour, no weapons or thrown items, stealth, claws 1, fangs 3,
repulsion field 1, see invisible, carnivore, clever 1, slow metabolism 1, wild
magic 1, sharp paws
0: Orb of Zot
}: 3/15 runes: decaying, serpentine, abyssal
a: End Transformation, Renounce Religion


You escaped.
You worshipped Vehumet.
Vehumet was exalted by your worship.
You were hungry.
You were a stone statue.
You visited 11 branches of the dungeon, and saw 52 of its levels.
You visited the Abyss 1 time.
You visited 1 bazaar.
You also visited: Sewer, Ossuary and Wizlab.

You collected 7225 gold pieces.
You spent 5186 gold pieces at shops.

Inventory:

Missiles
 B - 682 stones
Jewellery
 E - a ring of protection from cold (left paw)
 F - the ring "Xonnyan" (right paw) {*Contam rF+++ rC+ rN+ Int-5}
   (You bought it in a shop on level 3 of the Depths)

   [ring of protection from cold]

   It affects your intelligence (-5).
   It renders you almost immune to fire.
   It protects you from cold.
   It protects you from negative energy.
   It causes magical contamination when unequipped.
 M - a +6 amulet of reflection (around neck)
Wands
 h - a wand of iceblast (45)
 m - a wand of scattershot (21)
 n - a wand of digging (41)
 r - a wand of acid (3)
 C - a wand of flame (66)
 D - a wand of disintegration (18)
 N - a wand of enslavement (14)
Scrolls
 i - 11 scrolls of magic mapping
 s - 26 scrolls of remove curse
 z - 11 scrolls of teleportation
 A - 2 scrolls of silence
 I - 5 scrolls of fog
 J - 6 scrolls of amnesia
 L - 8 scrolls of identify
 O - a scroll of holy word
 P - a scroll of fear
Potions
 a - 5 potions of lignification
 d - 4 potions of resistance
 f - 6 potions of agility
 g - 6 potions of brilliance
 k - a potion of cancellation
 l - 33 potions of curing
 q - 12 potions of flight
 u - a potion of might
 v - 4 potions of haste
 w - 4 potions of ambrosia
 x - 2 potions of magic
 G - 4 potions of mutation
 K - a potion of invisibility
Miscellaneous
 H - a lamp of fire (inert)
Comestibles
 c - 35 rations


   Skills:
 * Level 21.8 Fighting
 - Level 20.0 Dodging
 - Level 10.0 Stealth
 * Level 26.3 Unarmed Combat
 - Level 13.0 Spellcasting
 - Level 15.0 Conjurations
 - Level 10.0 Charms
 - Level 10.0 Transmutations
 - Level 5.0 Fire Magic
 - Level 10.0 Air Magic
 - Level 18.0 Earth Magic


You had 8 spell levels left.
You knew the following spells:

 Your Spells              Type           Power        Failure   Level  Hunger
a - Sandblast             Erth           ######       1%          1    None
b - Deflect Missiles      Chrm/Air       ######....   17%         6    #####..
c - Passwall              Tmut/Erth      #######.     1%          2    None
d - Lee's Rapid Deconstr  Erth           #######...   1%          5    ####...
e - Conjure Flame         Conj/Fire      ######..     1%          3    None
f - Iron Shot             Conj/Erth      #######...   1%          6    #####..
g - Statue Form           Tmut/Erth      #######..    4%          6    #####..
h - Shatter               Erth           #######...   63%         9    #######
i - Regeneration          Chrm/Necr      #####.....   3%          3    None

Your spell library contained the following spells:

 Spells                   Type           Power        Failure   Level  Hunger
 Cause Fear               Hex            ###.......   52%         4    None
 Fireball                 Conj/Fire      ######....   1%          5    ####...
 Apportation              Tloc           ###...       8%          1    None
 Bolt of Fire             Conj/Fire      ######....   4%          6    #####..
 Lightning Bolt           Conj/Air       ######....   1%          5    ####...
 Bolt of Magma            Conj/Fire/Erth ######....   1%          5    ####...
 Slow                     Hex            ###.....     11%         2    None
 Invisibility             Hex            ###.....     100%        6    #####..
 Throw Flame              Conj/Fire      ######       1%          2    None
 Throw Frost              Conj/Ice       ######       1%          2    None
 Freezing Cloud           Conj/Ice/Air   ######....   9%          6    #####..
 Mephitic Cloud           Conj/Pois/Air  ######..     1%          3    None
 Ring of Flames           Chrm/Fire      ######....   92%         7    #######
 Venom Bolt               Conj/Pois      ######....   2%          5    ####...
 Summon Small Mammal      Summ           ###.         8%          1    None
 Bolt of Draining         Conj/Necr      ######....   2%          5    ####...
 Iskenderun's Mystic Bla  Conj           #######.     1%          4    None
 Summon Horrible Things   Summ           ###.......   100%        8    #######
 Animate Dead             Necr           N/A          52%         4    None
 Pain                     Necr           ###.         8%          1    None
 Animate Skeleton         Necr           N/A          8%          1    None
 Vampiric Draining        Necr           ###.......   21%         3    None
 Freeze                   Ice            ###.         2%          1    None
 Sticky Flame             Conj/Fire      ######..     1%          4    None
 Summon Ice Beast         Ice/Summ       ###.....     52%         4    None
 Ozocubu's Armour         Chrm/Ice       #####...     3%          3    None
 Call Imp                 Summ           ###.....     11%         2    None
 Dispel Undead            Necr           ###.....     85%         5    ####...
 Sublimation of Blood     Necr           ###.......   11%         2    None
 Tukima's Dance           Hex            ###.....     21%         3    None
 Summon Greater Demon     Summ           ###.......   100%        7    #######
 Corpse Rot               Necr           N/A          11%         2    None
 Stone Arrow              Conj/Erth      ######       1%          3    None
 Shock                    Conj/Air       ####         1%          1    None
 Swiftness                Chrm/Air       ######..     1%          2    None
 Agony                    Necr           ###.....     85%         5    ####...
 Dragon Form              Tmut           ######....   63%         7    #######
 Necromutation            Tmut/Necr      #####.....   100%        8    #######
 Throw Icicle             Conj/Ice       ######..     1%          4    None
 Airstrike                Air            ######....   1%          4    None
 Confusing Touch          Hex            ###...       8%          1    None
 Flame Tongue             Conj/Fire      #####        1%          1    None
 Ignite Poison            Fire/Tmut/Pois #####...     1%          3    None
 Call Canine Familiar     Summ           ###.....     21%         3    None
 Summon Butterflies       Summ           ###.....     8%          1    None
 Silence                  Hex/Air        #####.....   24%         5    ####...
 Static Discharge         Conj/Air       ######..     1%          3    None
 Corona                   Hex            ###....      8%          1    None
 Alistair's Intoxication  Tmut/Pois      #####...     24%         5    ####...
 Conjure Ball Lightning   Conj/Air       ######....   1%          6    #####..
 Excruciating Wounds      Chrm/Necr      #####.....   24%         5    ####...
 Portal Projectile        Hex/Tloc       ###...       21%         3    None
 Monstrous Menagerie      Summ           ###.......   100%        7    #######
 Petrify                  Tmut/Erth      #######.     1%          4    None
 Orb of Destruction       Conj           #######...   3%          7    #######
 Malign Gateway           Summ/Tloc      ###.......   100%        7    #######
 Tornado                  Air            ######....   100%        9    #######
 Leda's Liquefaction      Hex/Erth       ######....   2%          4    None
 Shroud of Golubria       Chrm/Tloc      #####.....   1%          2    None
 Inner Flame              Hex/Fire       ####....     2%          3    None
 Iskenderun's Battlesphe  Conj/Chrm      ######..     1%          5    ####...
 Dazzling Spray           Conj/Hex       ######       1%          3    None
 Infusion                 Chrm           ####         1%          1    None
 Song of Slaying          Chrm           ######..     1%          2    None
 Spectral Weapon          Hex/Chrm       #####...     3%          3    None
 Discord                  Hex            ###.......   100%        8    #######
 Summon Lightning Spire   Summ/Air       #####...     10%         4    None
 Summon Guardian Golem    Hex/Summ       ###.....     21%         3    None
 Spellforged Servitor     Conj/Summ      ######....   47%         7    #######
 Hydra Form               Tmut           ######....   17%         6    #####..
 Irradiate                Conj/Tmut      ######....   1%          5    ####...
 Yara's Violent Unravell  Hex/Tmut       #####.....   7%          5    ####...
 Lesser Beckoning         Tloc           ###.......   21%         3    None
 Poisonous Vapours        Pois/Air       #####.       1%          2    None
 Ignition                 Fire           #####.....   100%        8    #######
 Borgnjor's Vile Clutch   Necr/Erth      ######....   5%          5    ####...


Dungeon Overview and Level Annotations

Branches:
Dungeon (15/15)            Temple (1/1) D:5            Lair (6/6) D:11
  Swamp (4/4) Lair:2        Snake (4/4) Lair:3        Slime (0/5) Lair:5
    Orc (2/2) D:9             Elf (3/3) Orc:2        Vaults (4/5) D:14
  Crypt (3/3) Vaults:2       Tomb (0/3) Crypt:3      Depths (5/5) D:15
    Zot (5/5) Depths:5

Altars:
Ashenzari
Cheibriados
Dithmenos
Elyvilon
Fedhas
Gozag
Hepliaklqana
Kikubaaqudgha
Makhleb
Nemelex Xobeh
Okawaru
Qazlal
Ru
Sif Muna
Trog
Uskayaw
Vehumet
Wu Jian
Xom
Yredelemnul
Zin
The Shining One
Beogh
Jiyva

Shops:
D:13 :   Orc:1 *   Orc:2 !%?[:   Elf:2 =((   Snake:4 :***:   Vaults:2 [(
Depths:3 =}

Portals:
Hell: Depths:1 Depths:2 Depths:3 Depths:4 Depths:5
Abyss: Depths:1 Depths:2 Depths:4 Depths:5
Pandemonium: Orc:2 Depths:2 Depths:3 Depths:5
Ziggurat: Depths:5
Trove: D:11 (give 5 scrolls of blinking)

Annotations:
Lair:2 exclusion: 2 downstairs
Swamp:1 1 runed door
Elf:2 5 runed doors, exclusion: Roxanne, Roxanne
Vaults:4 Mennas


Innate Abilities, Weirdness & Mutations

You cannot wear armour.
You are incapable of wielding weapons or throwing items.
Your paws allow you to move quietly. (Stealth)
You have sharp claws.
You have razor-sharp teeth.
You have supernaturally acute eyesight. (SInv)
You are carnivorous and can eat meat at any time.
((You cover ground quickly.))
((Your thick and shaggy fur keeps you warm. (AC +3, rC+)))
You have a slow metabolism.
Your sharp claws are effective at attacking unaware monsters.
You are surrounded by a mild repulsion field. (EV +2)
((You are partially covered in slimy green scales. (AC +2)))
Your mind is acute. (Int +2)
Your spells are a little harder to cast, but a little more powerful.


Message History

The shadow demon completely misses you.
You mangle the shadow demon!!
You kill the shadow demon!
Vehumet accepts your kill.
You feel your power returning.
The giant cockroach dissolves into shadows!
The frilled lizard dissolves into shadows!
The ball python dissolves into shadows!
(D) Dungeon (T) Temple (L) Lair (S) Swamp (P) Snake Pit (M) Slime Pits (O) Orcish Mines (E) Elven Halls (V) Vaults (C) Crypt (W) Tomb (U) Depths (H) Hell (Z) Zot
Where to? (Enter - D:1 @ (x,y), ? - help)
What level of the Dungeon? (default 1, ? - help)
Okay, then.
Your skin is crawling a little less now.
Magic restored.
Your skin stops crawling.
There is a staircase leading out of the dungeon here.
You have escaped!

....[....##..###.....##
..........##.##......#
...........###..####.#
#...##......##.## #.#
#....###.....#######.###
..#...####....##.......#
..#......###...##..÷..##
...........###..####.##
..######...#####8##..#
..#............###..##
..>.#########......##
.#..#### ##....##
.#.....##### #....#
...###.....###....# ...#
#.[...##.....# ...#
##.......##### ...#
#.)..####


There were no monsters in sight!

Vanquished Creatures
  An ancient lich (Crypt:3)
  An orb of fire (Zot:5)
  A juggernaut (Depths:2)
  A pandemonium lord (D:9)
  Vashnia (Snake:3)
  3 caustic shrikes (Depths:5)
  Saint Roka (Snake:3)
  6 Killer Klowns
  2 curse toes
  Xtahua (Depths:4)
  Nikola (Snake:4)
  13 golden dragons
  2 bone dragons (Crypt:3)
  the Enchantress (Depths:2)
  3 electric golems
  23 Orb Guardians
  9 liches
  3 titans
  17 tentacled monstrosities
  A deep elf blademaster (Elf:3)
  6 quicksilver dragons
  A tentacled starspawn (Abyss:3)
  Asterion (Snake:1)
  Frances (D:13)
  5 ancient champions
  8 death cobs
  6 sphinxes
  Gastronok (Lair:2)
  3 thorn hunters
  20 storm dragons
  4 revenants
  8 tengu reavers
  9 shadow dragons
  5 draconian monks
  9 nagarajas
  An iron dragon (Depths:4)
  11 fire giants
  12 vault wardens
  12 deep elf sorcerers
  4 draconian knights
  10 frost giants
  A cacodemon (Depths:3)
  A curse skull (Crypt:3)
  4 draconian scorchers
  5 ghouls
  6 ghost moths
  5 deep elf elementalists
  7 draconian stormcallers
  9 draconian shifters
  2 orc warlords
  Louise (Depths:5)
  An emperor scorpion (D:15)
  7 ironheart preservers
  11 green draconians
  19 very ugly things
  2 reapers
  8 spriggan defenders
  7 draconian annihilators
  19 stone giants
  2 deep elf demonologists
  9 starcursed masses (Abyss:3)
  Nessos (D:15)
  11 vampire knights
  2 entropy weavers
  15 black draconians
  10 white draconians
  15 purple draconians
  A dire elephant (D:15)
  17 red draconians
  11 yellow draconians
  9 deep elf annihilators (Elf:3)
  5 spark wasps
  9 ettins
  Snorg (D:12)
  4 eidola
  3 deep elf death magi
  2 merfolk impalers
  10 jiangshi
  12 fire dragons
  A green death (Depths:5)
  The ghost of oberejnoburuli the Thaumaturge, a journeyman GnWn of Okawaru (D:11)
  Josephine (D:11)
  7 vault guards
  9 ogre magi
  9 yaktaur captains
  5 deep elf high priests (Elf:3)
  7 great orbs of eyes
  A quicksilver dragon skeleton (Crypt:3)
  13 ice dragons
  3 ghost crabs
  7 rakshasas
  5 spriggan air magi
  2 catoblepae
  12 naga warriors
  27 hydras
  Erica (D:11)
  4 death knights
  9 centaur warriors
  11 anacondas
  A two-headed ogre (shapeshifter) (Depths:5)
  4 thrashing horrors (Abyss:3)
  38 two-headed ogres
  4 deep troll shamans
  12 alligators
  4 tengu warriors
  6 deep troll earth magi
  10 dancing weapons
  8 orc high priests
  5 spriggan berserkers
  6 soul eaters
  19 naga sharpshooters
  7 vampire magi
  11 shock serpents
  A shock serpent (shapeshifter) (Depths:3)
  22 deep elf knights
  10 spriggans
  2 sun demons
  2 wretched stars
  A large abomination (Abyss:3)
  A shadow wraith (Vaults:4)
  54 skeletal warriors
  A sixfirhy (D:6)
  A fire crab (Lair:6)
  2 titan skeletons
  A storm dragon skeleton (Crypt:1)
  9 salamander mystics
  2 unseen horrors
  An unseen horror (shapeshifter) (D:15)
  A death drake (shapeshifter) (Elf:2)
  4 glowing orange brains
  2 torturous demonspawn (Orc:2)
  4 flayed ghosts
  18 deep trolls
  4 spriggan druids
  A glowing orange brain (shapeshifter) (Vaults:4)
  3 sea snakes (Snake:3)
  3 wizards
  A shadow demon (D:1)
  14 swamp dragons
  3 shambling mangroves
  6 naga ritualists
  A harpy (shapeshifter) (Vaults:2)
  7 harpies
  A tengu zombie (Vaults:2)
  11 ironbrand convokers
  17 deep elf archers
  28 orc knights
  5 necromancers
  2 infernal demonspawn (Orc:2)
  14 phantasmal warriors
  14 mana vipers
  7 lindwurms
  A shadow dragon skeleton (Crypt:3)
  2 orb spiders (Zot:4)
  2 manticores
  2 anaconda skeletons (Crypt:3)
  4 tengu skeletons
  9 orc sorcerers
  46 ugly things
  12 oklob plants
  A wolf spider zombie (Abyss:3)
  56 deep elf magi
  7 wolf spiders
  2 salamanders (shapeshifter)
  The ghost of CakeIsGreat the Covered, a novice GrFi (D:7)
  31 moths of wrath
  9 cyclopes
  7 elephants
  22 slime creatures
  A centaur zombie (D:13)
  16 salamanders
  A moth of wrath (shapeshifter) (Vaults:2)
  A worldbinder (Abyss:3)
  2 fire giant skeletons
  3 iron dragon skeletons (Crypt:3)
  Maurice (D:9)
  9 guardian serpents
  3 molten gargoyles
  14 vault sentinels
  7 human skeletons
  11 spiny frogs
  A stone giant skeleton (Vaults:2)
  A black mamba (shapeshifter) (Vaults:3)
  5 rust devils
  26 naga magi
  48 black mambas
  2 gargoyles
  An apocalypse crab (Abyss:3)
  A death yak zombie (Crypt:1)
  A torpor snail (Lair:3)
  4 frost giant skeletons
  An alligator snapping turtle zombie (Crypt:2)
  9 komodo dragons
  5 orange demons
  2 minotaur zombies
  A shock serpent skeleton (Crypt:3)
  2 human zombies
  A kobold demonologist (D:15)
  A dire elephant skeleton (Crypt:3)
  14 rime drakes
  48 yaktaurs
  A komodo dragon (shapeshifter) (Vaults:4)
  A yaktaur skeleton (Vaults:2)
  4 hellwings
  A demonic crawler (D:7)
  12 freezing wraiths
  A red devil (Depths:3)
  A yellow draconian skeleton (Crypt:3)
  11 trolls
  2 ice devils
  A tyrant leech (shapeshifter) (Depths:5)
  A jumping spider (Zot:4)
  2 tengu conjurers (Depths:1)
  An ancient zyme (Abyss:3)
  11 tyrant leeches
  A tengu simulacrum (Vaults:2)
  3 polar bears
  A wind drake (shapeshifter) (Depths:3)
  A harpy skeleton (Crypt:2)
  Prince Ribbit (D:7)
  A wolf spider simulacrum (D:15)
  26 blink frogs
  12 dream sheep
  A hydra skeleton (Crypt:3)
  5 bog bodies
  19 hornets
  A slime creature (shapeshifter) (Vaults:3)
  8 hippogriffs
  A guardian serpent zombie (Crypt:2)
  An alligator skeleton (Crypt:3)
  2 ettin skeletons (Crypt:3)
  9 flying skulls (Crypt:3)
  8 shadows
  8 water elementals
  2 spriggans (shapeshifter)
  An air elemental (Elf:1)
  A redback (Vaults:4)
  36 yaks
  3 ynoxinuls
  2 ice dragon skeletons (Crypt:3)
  3 tarantellas (Zot:4)
  A vampire (D:13)
  The ghost of ciphuk the Scratcher, an amateur FeFi (D:4)
  3 fire bats (Depths:1)
  7 wraiths
  A black mamba zombie (Crypt:1)
  7 wyverns
  A wind drake zombie (Crypt:1)
  4 fire elementals
  2 golden eyes (Abyss:3)
  Grum (D:9)
  A golden eye (shapeshifter) (Depths:2)
  3 basilisks
  3 hungry ghosts
  4 chaos spawn
  15 steam dragons
  2 neqoxecs
  7 wargs
  16 swamp worms
  12 vampire mosquitoes
  12 insubstantial wisps
  41 nagas
  A deep troll zombie (Vaults:2)
  A swamp worm (shapeshifter) (Elf:2)
  8 hydra simulacra (Depths:2)
  18 water moccasins
  2 acid dragons
  5 hell hounds (Lair:6)
  A floating eye (Depths:4)
  A floating eye (shapeshifter) (Depths:2)
  12 porcupines
  54 orc warriors
  10 swamp drakes
  4 ice beasts
  4 phantoms
  A sky beast (D:8)
  2 necrophages
  3 black bears
  A tengu (shapeshifter) (Depths:4)
  23 ogres
  22 boggarts
  12 centaurs
  28 wolves
  A snapping turtle skeleton (Crypt:3)
  An elf skeleton (Vaults:2)
  13 crocodiles
  2 salamander zombies (Crypt:2)
  5 big kobolds
  An earth elemental (Elf:3)
  A komodo dragon zombie (Crypt:1)
  19 bullfrogs
  A wyvern zombie (D:8)
  A wyvern skeleton (D:9)
  5 scorpions
  A water moccasin skeleton (D:8)
  6 killer bees (D:10)
  A human simulacrum (Vaults:3)
  A yak zombie (Crypt:3)
  10 wights
  2 electric eels
  A polar bear skeleton (Crypt:1)
  4 howler monkeys
  6 crimson imps
  5 lava snakes (Lair:6)
  2 soldier ant zombies
  2 bullfrog zombies
  4 hounds
  2 quasits
  6 jellies
  37 orc priests
  Crazy Yiuf (D:2)
  A black bear zombie (Crypt:1)
  A gnoll shaman (D:9)
  2 iron imps
  A demonspawn skeleton (Crypt:1)
  3 bullfrog skeletons
  4 centaur skeletons
  6 iguanas
  15 orc wizards
  8 worker ants
  A big kobold zombie (Ossuary)
  A naga zombie (Crypt:3)
  An ogre zombie (Crypt:2)
  5 small abominations
  8 mummies (Ossuary)
  2 howler monkey zombies
  2 worker ant zombies
  12 gnolls
  22 adders
  2 river rats
  4 shadow imps
  14 white imps
  An ufetubus (Depths:3)
  2 oozes
  2 adder zombies
  A halfling skeleton (Crypt:2)
  4 adder skeletons
  3 worms
  3 dart slugs
  4 leopard geckos
  102 orcs
  11 bats
  10 giant cockroaches
  2 gnoll zombies (Ossuary)
  8 hobgoblins
  15 jackals
  28 kobolds
  4 quokkas
  5 ball pythons
  A ball python zombie (Crypt:2)
  7 frilled lizards
  2 goblins
  A hobgoblin zombie (Ossuary)
  A jackal skeleton (D:5)
  3 kobold zombies (Ossuary)
  A leopard gecko zombie (Crypt:3)
  An orc zombie (Ossuary)
  A quokka skeleton (D:4)
  13 rats
  3 crawling corpses (Elf:3)
  4 fungi
  A lurking horror (Abyss:3)
2564 creatures vanquished.

Vanquished Creatures (others)
  A Killer Klown (Zot:5)
  A deep elf master archer (Elf:3)
  2 fire giants (Depths:3)
  A draconian knight (Zot:3)
  A naga warrior (Snake:3)
  A hydra (Swamp:4)
  A spriggan air mage (Depths:2)
  An alligator (Swamp:1)
  A dancing weapon (Elf:2)
  A vampire mage (Depths:4)
  A deep elf archer (Elf:3)
  A salamander (Depths:1)
  A moth of wrath (Zot:5)
  A spriggan (Depths:5)
  2 insubstantial wisps (Swamp:3)
  An orc (Vaults:3)
  10 bushes (Zot:2)
  45 fungi
  55 plants
128 creatures vanquished.

Grand Total: 2692 creatures vanquished

Notes
Turn   | Place    | Note
-------+----------+-------------------------------------------
     0 | D:1      | AnimeWaifu the Felid Earth Elementalist began the quest for the Orb.
     0 | D:1      | Reached XP level 1. HP: 7/7 MP: 4/4
   247 | D:1      | Reached XP level 2. HP: 11/11 MP: 0/6
   633 | D:2      | Found a runed door.
   755 | D:2      | Noticed Crazy Yiuf
   810 | D:2      | Killed Crazy Yiuf
   810 | D:2      | Reached XP level 3. HP: 14/14 MP: 0/7
   949 | D:2      | Learned a level 3 spell: Stone Arrow
  1082 | D:2      | Reached XP level 4. HP: 13/18 MP: 2/9
  1399 | D:2      | Learned a level 2 spell: Passwall
  2041 | D:3      | Reached skill level 1 in Conjurations
  2204 | D:3      | Reached XP level 5. HP: 21/21 MP: 1/10
  3057 | D:4      | Gained mutation: You are covered in thick fur. (AC +2) [Felid growth]
  3057 | D:4      | Reached XP level 6. HP: 24/24 MP: 9/12
  3248 | D:4      | Reached skill level 5 in Earth Magic
  3315 | D:4      | Noticed ciphuk's ghost (amateur FeFi)
  3323 | D:4      | Killed ciphuk's ghost
  3513 | D:4      | Learned a level 5 spell: Lee's Rapid Deconstruction
  3600 | D:4      | Found a basalt altar of Yredelemnul.
  3600 | D:4      | Found an iron altar of Okawaru.
  3941 | D:4      | Found a shimmering altar of Xom.
  3942 | D:4      | Found a white marble altar of Elyvilon.
  4092 | D:4      | Found a deep blue altar of Sif Muna.
  4095 | D:4      | Found a stormy altar of Qazlal.
  4097 | D:4      | Found a bloodstained altar of Trog.
  4222 | D:4      | Found a glowing golden altar of the Shining One.
  4324 | D:5      | Entered Level 5 of the Dungeon
  4326 | D:5      | Reached XP level 7. HP: 27/27 MP: 6/14
  4416 | D:5      | Found a staircase to the Ecumenical Temple.
  4425 | Temple   | Entered the Ecumenical Temple
  4532 | Temple   | Became a worshipper of Vehumet
  5097 | D:5      | Found a glowing drain.
  5117 | Sewer    | Entered a sewer
  5371 | Sewer    | Found a white marble altar of Elyvilon.
  6036 | D:6      | Reached XP level 8. HP: 31/31 MP: 3/16
  6059 | D:6      | Found a sand-covered staircase.
  6065 | Ossuary  | Entered an ossuary
  6080 | Ossuary  | Reached * piety under Vehumet
  6080 | Ossuary  | Offered knowledge of Freeze by Vehumet.
  6529 | D:6      | Found a glowing golden altar of the Shining One.
  6596 | D:6      | Reached skill level 5 in Spellcasting
  7322 | D:7      | Noticed CakeIsGreat's ghost (novice GrFi)
  7666 | D:7      | Noticed Prince Ribbit
  7797 | D:7      | Killed Prince Ribbit
  7797 | D:7      | Reached XP level 9. HP: 28/34 MP: 2/18
  7860 | D:7      | Reached ** piety under Vehumet
  7860 | D:7      | Offered knowledge of Shock by Vehumet.
  7860 | D:7      | Reached skill level 5 in Conjurations
  8107 | D:7      | Killed CakeIsGreat's ghost
  9047 | D:8      | Offered knowledge of Conjure Flame by Vehumet.
  9054 | D:7      | Learned a level 3 spell: Conjure Flame
  9440 | D:8      | Found a sacrificial altar of Ru.
  9443 | D:8      | Reached *** piety under Vehumet
  9752 | D:9      | Noticed a two-headed ogre
  9799 | D:9      | Found a staircase to the Orcish Mines.
  9799 | D:9      | Noticed Grum
  9799 | D:9      | Noticed a troll
  9817 | D:8      | Reached skill level 1 in Fire Magic
  9843 | D:8      | Killed a troll
  9843 | D:8      | Reached XP level 10. HP: 19/37 MP: 1/21
 10090 | D:9      | Noticed a two-headed ogre
 10191 | D:9      | Reached skill level 10 in Earth Magic
 10525 | D:9      | Offered knowledge of Force Lance by Vehumet.
 10590 | D:9      | Killed a two-headed ogre
 10929 | D:9      | Killed a two-headed ogre
 11141 | D:9      | Found an opulent altar of Gozag.
 11161 | D:9      | Noticed Maurice
 11165 | D:9      | Killed Maurice
 11171 | D:9      | Reached **** piety under Vehumet
 11569 | D:9      | Killed Grum
 11706 | D:10     | Entered Level 10 of the Dungeon
 11785 | D:10     | Noticed an unseen horror
 11794 | D:10     | Killed an unseen horror
 11794 | D:10     | Reached XP level 11. HP: 28/40 MP: 8/23
 12115 | D:10     | Offered knowledge of Irradiate by Vehumet.
 13195 | D:11     | Noticed Josephine
 13204 | D:11     | Killed Josephine
 13206 | D:11     | Noticed oberejnoburuli's ghost (journeyman GnWn)
 13485 | D:11     | Noticed a two-headed ogre
 13491 | D:11     | Killed a two-headed ogre
 13988 | D:11     | Killed oberejnoburuli's ghost
 14118 | D:11     | Found a staircase to the Lair.
 14185 | D:11     | Noticed Erica
 14195 | D:11     | Killed Erica
 14428 | D:11     | Noticed a purple ugly thing
 14428 | D:11     | Noticed a two-headed ogre
 14435 | D:11     | Killed a two-headed ogre
 14508 | D:11     | Killed a purple ugly thing
 14508 | D:11     | Gained mutation: Your thick and shaggy fur keeps you warm. (AC +3, rC+) [Felid growth]
 14508 | D:11     | Reached XP level 12. HP: 44/44 MP: 9/26
 14601 | D:11     | Reached ***** piety under Vehumet
 14769 | D:11     | Offered knowledge of Fulminant Prism by Vehumet.
 14771 | D:11     | Noticed a two-headed ogre
 14790 | D:11     | Killed a two-headed ogre
 15170 | D:11     | Found a portal to a secret trove of treasure.
 15341 | Lair:1   | Entered Level 1 of the Lair of Beasts
 15868 | Lair:1   | Identified a scroll of acquirement
 16262 | Lair:2   | Noticed Gastronok
 16314 | Lair:2   | Killed Gastronok
 16612 | Lair:2   | Noticed a seven-headed hydra
 16626 | Lair:2   | Killed a seven-headed hydra
 16707 | Lair:2   | Reached skill level 10 in Spellcasting
 16763 | Lair:2   | Found a staircase to the Swamp.
 17995 | Lair:3   | Noticed a catoblepas
 18156 | Lair:3   | Reached skill level 10 in Conjurations
 18224 | Lair:3   | Killed a catoblepas
 18224 | Lair:3   | Reached XP level 13. HP: 22/47 MP: 9/28
 18495 | Lair:3   | Offered knowledge of Iron Shot by Vehumet.
 18555 | Lair:3   | Learned a level 6 spell: Iron Shot
 18637 | Lair:3   | Found a staircase to the Snake Pit.
 18652 | Lair:3   | Reached skill level 1 in Fighting
 19742 | Lair:4   | Noticed a fire dragon
 19918 | Lair:4   | Killed a fire dragon
 19918 | Lair:4   | Reached skill level 5 in Dodging
 19918 | Lair:4   | Reached skill level 5 in Fire Magic
 20593 | Lair:4   | Reached skill level 15 in Earth Magic
 22589 | Lair:5   | Reached XP level 14. HP: 57/57 MP: 15/29
 22591 | Lair:5   | Reached skill level 5 in Fighting
 22635 | Lair:5   | Offered knowledge of Fireball by Vehumet.
 23195 | Lair:5   | Found a viscous altar of Jiyva.
 23195 | Lair:5   | Found a staircase to the Slime Pits.
 23965 | Lair:6   | Entered Level 6 of the Lair of Beasts
 26063 | Lair:6   | Found a large runed door.
 26064 | Lair:6   | Found a large runed door.
 26758 | Orc:1    | Entered Level 1 of the Orcish Mines
 26838 | Orc:1    | Found Batexten's General Store.
 26852 | Orc:1    | Bought a scroll of acquirement for 728 gold pieces
 26852 | Orc:1    | Bought 10 stones for 14 gold pieces
 26852 | Orc:1    | Bought a ration for 70 gold pieces
 26853 | Orc:1    | Got a crude bone ring
 26854 | Orc:1    | Identified the ring "Izasar" {rN+ Int+2 Slay+2} (You acquired it on level 1 of the Orcish Mines)
 26973 | Orc:2    | Entered Level 2 of the Orcish Mines
 27158 | Orc:1    | Reached skill level 10 in Dodging
 27689 | Orc:2    | Found Zatofeuj's Distillery.
 27698 | Orc:2    | Bought a potion of curing for 39 gold pieces
 27698 | Orc:2    | Bought a potion of curing for 39 gold pieces
 27698 | Orc:2    | Bought a potion of magic for 104 gold pieces
 27698 | Orc:2    | Bought a potion of curing for 39 gold pieces
 27698 | Orc:2    | Bought 2 potions of curing for 78 gold pieces
 27713 | Orc:2    | Found a staircase to the Elven Halls.
 28338 | Orc:2    | Found Kiucwedgh's Magic Scroll Shop.
 28340 | Orc:2    | Found Remif's Food Boutique.
 28365 | Orc:2    | Reached ****** piety under Vehumet
 28598 | Orc:2    | Bought a scroll of teleportation for 36 gold pieces
 28598 | Orc:2    | Bought a scroll of fog for 24 gold pieces
 28598 | Orc:2    | Bought a scroll of teleportation for 36 gold pieces
 28598 | Orc:2    | Bought a scroll of teleportation for 36 gold pieces
 28612 | Orc:2    | Reached XP level 15. HP: 66/66 MP: 25/30
 28612 | Orc:2    | Gained mutation: You are frail. (-10% HP) [a neqoxec]
 28922 | Orc:2    | Offered knowledge of Lightning Bolt by Vehumet.
 29476 | Orc:2    | Found Uffusm's Book Shoppe.
 29476 | Orc:2    | Found a one-way gate leading to the halls of Pandemonium.
 29476 | Orc:2    | Found Reamy's Antique Armour Emporium.
 29479 | Orc:2    | Bought a book of Transfigurations for 550 gold pieces
 29894 | Orc:2    | Found a staircase to the Elven Halls.
 29911 | Orc:2    | Found Zatofeuj's Distillery.
 30037 | Orc:2    | Found Remif's Food Boutique.
 30039 | Orc:2    | Found Kiucwedgh's Magic Scroll Shop.
 30105 | Orc:2    | Found Uffusm's Book Shoppe.
 30105 | Orc:2    | Found a one-way gate leading to the halls of Pandemonium.
 30105 | Orc:2    | Found Reamy's Antique Armour Emporium.
 30220 | Orc:2    | Lost mutation: You are frail. (-10% HP) [potion of mutation]
 30220 | Orc:2    | Gained mutation: You are surrounded by a mild repulsion field. (EV +2) [potion of mutation]
 30220 | Orc:2    | Gained mutation: Your mind is acute. (Int +2) [potion of mutation]
 30220 | Orc:2    | Gained mutation: You are partially covered in slimy green scales. (AC +2) [potion of mutation]
 30228 | Orc:2    | Learned a level 6 spell: Statue Form
 30782 | D:12     | Noticed Snorg
 31237 | D:12     | Killed Snorg
 32089 | D:13     | Found Viunlus's Book Emporium.
 32261 | D:13     | Noticed Frances
 32267 | D:13     | Killed Frances
 32415 | D:13     | Found a shattered altar of Ashenzari.
 32995 | D:14     | Found a gate to the Vaults.
 33700 | D:14     | Offered knowledge of Bolt of Cold by Vehumet.
 33924 | D:15     | Entered Level 15 of the Dungeon
 34087 | D:15     | Reached skill level 5 in Transmutations
 34207 | D:15     | Noticed Nessos
 34275 | D:15     | Shot with an arrow by Nessos
 34276 | D:15     | Reached XP level 14. HP: 0/63 MP: 29/29
 34766 | D:15     | Reached XP level 15. HP: 66/66 MP: 0/30
 35167 | D:15     | Shot with an arrow by Nessos
 35168 | D:15     | Reached XP level 14. HP: -4/63 MP: 19/29
 35168 | D:15     | Found a shadowy altar of Dithmenos.
 35328 | D:15     | Found a staircase to the Depths.
 35381 | D:15     | Killed Nessos
 35381 | D:15     | Reached skill level 15 in Conjurations
 35894 | Swamp:1  | Entered Level 1 of the Swamp
 36085 | Swamp:1  | Reached skill level 1 in Unarmed Combat
 36507 | Swamp:1  | Found a runed door.
 36510 | Swamp:1  | Reached skill level 2 in Unarmed Combat
 36519 | Swamp:1  | Noticed a thorn hunter
 36531 | Swamp:1  | Killed a thorn hunter
 36691 | Swamp:1  | Upgraded the game from 0.22-a0-445-g8c8ef71062 to 0.23-a0-32-g1388f29e54
 37205 | Swamp:2  | Reached skill level 3 in Unarmed Combat
 38172 | Swamp:2  | Reached skill level 4 in Unarmed Combat
 38307 | Swamp:2  | Offered knowledge of Poison Arrow by Vehumet.
 38982 | Swamp:3  | Reached skill level 5 in Unarmed Combat
 39358 | Swamp:3  | Noticed a thorn hunter
 39374 | Swamp:3  | Killed a thorn hunter
 39374 | Swamp:3  | Reached XP level 15. HP: 67/67 MP: 14/30
 39511 | Swamp:3  | Reached skill level 6 in Unarmed Combat
 40215 | Swamp:4  | Entered Level 4 of the Swamp
 40709 | Swamp:4  | Reached skill level 7 in Unarmed Combat
 41490 | Swamp:4  | Reached skill level 10 in Fighting
 41557 | Swamp:4  | Reached skill level 8 in Unarmed Combat
 41788 | Swamp:4  | Got a decaying rune of Zot
 42542 | Snake:1  | Entered Level 1 of the Snake Pit
 42743 | Snake:1  | Offered knowledge of Conjure Ball Lightning by Vehumet.
 42743 | Snake:1  | Reached skill level 9 in Unarmed Combat
 43098 | Snake:1  | Reached XP level 16. HP: 73/73 MP: 31/31
 43929 | Snake:2  | Reached skill level 10 in Transmutations
 44294 | Snake:2  | Noticed Asterion
 44530 | Snake:1  | Killed Asterion
 44530 | Snake:1  | Reached skill level 10 in Unarmed Combat
 44860 | Snake:2  | Reached skill level 5 in Stealth
 45882 | Snake:3  | Noticed Vashnia
 46020 | Snake:3  | Offered knowledge of Lehudib's Crystal Spear by Vehumet.
 46020 | Snake:3  | Offered knowledge of Fire Storm by Vehumet.
 46020 | Snake:3  | Offered knowledge of Glaciate by Vehumet.
 46198 | Snake:3  | Killed from afar by a nagaraja
 46199 | Snake:3  | Reached XP level 15. HP: -20/71 MP: 26/30
 46199 | Snake:3  | Noticed Saint Roka
 46227 | Snake:3  | Killed Saint Roka
 46227 | Snake:3  | Reached skill level 11 in Unarmed Combat
 46314 | Snake:3  | Killed Vashnia
 46836 | Snake:3  | Killed a nagaraja
 46882 | Snake:3  | Reached XP level 16. HP: 75/75 MP: 31/31
 47206 | Snake:4  | Entered Level 4 of the Snake Pit
 47206 | Snake:4  | Found Zeled's General Store.
 47390 | Snake:4  | Reached skill level 12 in Unarmed Combat
 47563 | Snake:4  | Found Jidurch's Assorted Antiques.
 47574 | Snake:4  | Bought a potion of curing for 111 gold pieces
 47574 | Snake:4  | Bought a potion of heal wounds for 185 gold pieces
 47574 | Snake:4  | Bought a scroll of teleportation for 111 gold pieces
 47574 | Snake:4  | Bought a scroll of teleportation for 111 gold pieces
 47574 | Snake:4  | Bought a scroll of teleportation for 111 gold pieces
 47578 | Snake:4  | Found Exezicext's Assorted Antiques.
 48018 | Snake:4  | Found Lunnifeu's Book Boutique.
 48328 | Snake:4  | Found Vaot's Book Shoppe.
 48979 | Snake:4  | Reached skill level 10 in Stealth
 49090 | Snake:4  | Reached skill level 13 in Unarmed Combat
 50205 | Snake:4  | Reached XP level 17. HP: 67/81 MP: 30/32
 50481 | Snake:4  | Noticed Nikola
 50515 | Snake:4  | Killed Nikola
 50634 | Snake:4  | Reached skill level 14 in Unarmed Combat
 50956 | Snake:4  | Got a serpentine rune of Zot
 51335 | Vaults:1 | Entered Level 1 of the Vaults
 52050 | Orc:2    | Bought a book of the Sky for 650 gold pieces
 52057 | Orc:2    | Learned a level 6 spell: Deflect Missiles
 52456 | Vaults:1 | Reached skill level 1 in Charms
 52602 | Vaults:1 | Reached skill level 1 in Air Magic
 53740 | Vaults:2 | Found Muoq's Antique Weapon Boutique.
 53928 | Vaults:2 | Reached XP level 18. HP: 61/86 MP: 33/33
 54019 | Vaults:2 | Reached skill level 15 in Unarmed Combat
 54319 | Vaults:2 | Found a staircase to the Crypt.
 54495 | Vaults:2 | Reached skill level 5 in Charms
 54571 | Vaults:2 | Found Yrisemm's Antique Armour Shop.
 55259 | Vaults:3 | Reached skill level 5 in Air Magic
 55382 | Vaults:3 | HP: 1/113 [vault warden/uncursed dire flail (16)]
 55642 | Vaults:3 | Reached skill level 15 in Dodging
 55964 | Vaults:3 | Mangled by a deep troll earth mage
 55965 | Vaults:3 | Reached XP level 17. HP: -12/84 MP: 32/32
 56427 | Vaults:3 | Reached XP level 18. HP: 80/88 MP: 20/33
 57398 | Vaults:4 | Noticed a lich
 57535 | Vaults:4 | Killed a lich
 57567 | Vaults:4 | Reached skill level 15 in Fighting
 57856 | Vaults:4 | Reached skill level 10 in Charms
 58282 | Vaults:4 | Noticed Mennas
 58988 | Vaults:4 | Found a roughly hewn altar of Beogh.
 59598 | Vaults:4 | Reached XP level 19. HP: 93/93 MP: 34/34
 59636 | Vaults:4 | Learned a level 9 spell: Shatter
 59998 | Depths:1 | Entered Level 1 of the Depths
 60006 | Depths:1 | Noticed a lich
 60221 | D:15     | Killed a lich
 60317 | Depths:1 | Found a gateway to Hell.
 60602 | Depths:1 | Got a heavily runed pewter amulet
 60603 | Depths:1 | Identified the amulet of the Good {Acrobat rF+ MR+ Str-5 Int+3} (You found it on level 1 of the Depths)
 60986 | Depths:1 | Found a one-way gate to the infinite horrors of the Abyss.
 61037 | Depths:2 | Noticed the Enchantress
 61040 | Depths:2 | Reached skill level 16 in Unarmed Combat
 61043 | Depths:2 | Killed the Enchantress
 61046 | Depths:2 | Reached skill level 10 in Air Magic
 61055 | Depths:2 | Paralysed by a floating eye for 4 turns
 61065 | Depths:2 | Found a sparkling altar of Nemelex Xobeh.
 61303 | Elf:1    | Entered Level 1 of the Elven Halls
 61456 | Elf:1    | Found a magical portal.
 61465 | WizLab   | Entered Cigotuvi's Fleshworks
 62067 | Elf:1    | Got a shimmering tin ring
 62367 | Elf:1    | Identified the ring "Zetopt" {rCorr rF+ MR++ Int-5} (You took it off a deep elf mage on level 1 of the Elven Halls)
 62417 | Elf:2    | Found a huge runed gate.
 62417 | Elf:2    | Found a huge runed gate.
 62417 | Elf:2    | Found a huge runed gate.
 62417 | Elf:2    | Found a huge runed gate.
 62417 | Elf:2    | Found a huge runed gate.
 62452 | Elf:2    | Found Astrururph's Jewellery Emporium.
 62468 | Elf:2    | Found Unugiterr's Weapon Emporium.
 62473 | Elf:2    | Found Vitraklu's Weapon Emporium.
 62475 | Elf:2    | Bought the ring of Xom's Pride {rF+ Stlth+} for 556 gold pieces
 62479 | Elf:2    | Found Bof Laxtal's Weapon Emporium.
 62696 | Elf:2    | Reached XP level 20. HP: 97/97 MP: 35/35
 62699 | Elf:2    | Noticed Roxanne
 63206 | Elf:3    | Entered Level 3 of the Elven Halls
 63267 | Elf:3    | Found a flickering gateway to a bazaar.
 63306 | Bazaar   | Entered a bazaar
 63306 | Bazaar   | Found Etaxu's Distillery.
 63306 | Bazaar   | Found Watik's Magic Scroll Shop.
 63306 | Bazaar   | Found Usaegiv's Magic Scroll Shoppe.
 63306 | Bazaar   | Found Eduah's Food Shop.
 63351 | Bazaar   | Found Sihuohats's Weapon Shoppe.
 63351 | Bazaar   | Found Fapol's Antique Armour Boutique.
 63375 | Bazaar   | Bought a scroll of teleportation for 36 gold pieces
 63375 | Bazaar   | Bought a scroll of teleportation for 36 gold pieces
 63375 | Bazaar   | Bought a scroll of blinking for 90 gold pieces
 63380 | Bazaar   | Bought a potion of curing for 27 gold pieces
 63380 | Bazaar   | Bought a potion of might for 36 gold pieces
 63380 | Bazaar   | Bought a potion of curing for 27 gold pieces
 63380 | Bazaar   | Bought 2 potions of curing for 54 gold pieces
 63383 | Bazaar   | Bought a scroll of teleportation for 30 gold pieces
 63383 | Bazaar   | Bought a scroll of fear for 35 gold pieces
 63383 | Bazaar   | Bought a scroll of teleportation for 30 gold pieces
 63664 | Elf:3    | Reached skill level 17 in Unarmed Combat
 63859 | Elf:3    | Found a radiant altar of Vehumet.
 64460 | Elf:3    | Cast into level 3 of the Abyss (a deep elf sorcerer)
 64533 | Abyss:3  | Got an abyssal rune of Zot
 64629 | Abyss:3  | Paralysed by accursed screaming for 1 turns
 64632 | Elf:3    | Escaped the Abyss
 64781 | Elf:3    | Got a steaming bone ring
 64835 | Elf:3    | Shot with an arrow by a deep elf master archer
 64836 | Elf:3    | Reached XP level 19. HP: 0/120 MP: 35/35
 64898 | Elf:3    | Got a pitted jade ring
 65178 | Elf:3    | Got a brightly glowing bronze ring
 65355 | Elf:3    | Identified the ring of Spite {*Tele +Blink rC+ rN+} (You took it off a deep elf elementalist on level 3 of the Elven Halls)
 65356 | Elf:3    | Identified the ring of the Good {+Blink rPois rC+++ MR+ Dex-4} (You took it off a deep elf annihilator on level 3 of the Elven Halls)
 65357 | Elf:3    | Identified the ring "Qaerchao" {+Fly MR+ Int-5 Dex+4 Slay+3} (You took it off a deep elf knight on level 3 of the Elven Halls)
 66196 | Depths:2 | Reached XP level 20. HP: 97/97 MP: 36/36
 66376 | Depths:2 | HP: 5/126 [stone giant (19)]
 66378 | Depths:2 | Slain by a stone giant
 66379 | Depths:2 | Reached XP level 19. HP: -4/120 MP: 5/36
 66379 | Depths:2 | Upgraded the game from 0.23-a0-32-g1388f29e54 to 0.23-a0-54-gae6112e33f
 66384 | Depths:2 | Noticed a juggernaut
 66393 | Depths:2 | Killed a juggernaut
 66393 | Depths:2 | Reached skill level 18 in Unarmed Combat
 66748 | Depths:2 | Learned a level 3 spell: Regeneration
 68318 | Depths:3 | Gained mutation: Your spells are a little harder to cast, but a little more powerful. [a cacodemon]
 68360 | Depths:3 | Found Katolataa's Gadget Shop.
 68361 | Depths:3 | Found Gint's Jewellery Shoppe.
 68362 | Depths:3 | Found Qadey's Gadget Shop.
 68370 | Depths:3 | Bought the ring "Xonnyan" {*Contam rF+++ rC+ rN+ Int-5} for 1157 gold pieces
 70050 | Depths:3 | Identified Rigey's Guide on Burning Damage Dealing
 70264 | Depths:3 | Reached XP level 20. HP: 97/97 MP: 38/38
 70290 | Depths:3 | Noticed a golden dragon
 70308 | Depths:3 | Killed a golden dragon
 70660 | Depths:4 | Noticed Xtahua
 70666 | Depths:4 | Reached skill level 19 in Unarmed Combat
 70676 | Depths:4 | Killed Xtahua
 71994 | Depths:4 | Noticed a golden dragon
 72018 | Depths:4 | Killed a golden dragon
 72390 | Depths:4 | Reached XP level 21. HP: 103/103 MP: 39/39
 72845 | Depths:5 | Entered Level 5 of the Depths
 73193 | Depths:5 | Noticed a golden dragon
 73199 | Depths:5 | Noticed a golden dragon
 73416 | Depths:5 | Killed a golden dragon
 73548 | Depths:5 | Killed a golden dragon
 73548 | Depths:5 | Reached skill level 20 in Unarmed Combat
 73948 | Depths:5 | Noticed a caustic shrike
 73949 | Depths:5 | Noticed a caustic shrike
 73950 | Depths:5 | Noticed a caustic shrike
 73964 | Depths:5 | Killed a caustic shrike
 73973 | Depths:5 | Killed a caustic shrike
 73979 | Depths:5 | Killed a caustic shrike
 74277 | Depths:5 | Found a gate to the Realm of Zot.
 74514 | Depths:5 | Found a gateway to a ziggurat.
 74915 | Depths:5 | Noticed Louise
 74948 | Depths:5 | Killed Louise
 75576 | Crypt:1  | Entered Level 1 of the Crypt
 77282 | Crypt:2  | Reached XP level 22. HP: 110/110 MP: 40/40
 77850 | Crypt:3  | Entered Level 3 of the Crypt
 77937 | Crypt:3  | HP: 5/144 [reaper/antimagic scythe (18)]
 77965 | Crypt:3  | Reached skill level 21 in Unarmed Combat
 78187 | Crypt:3  | Got a slimy marble ring
 78187 | Crypt:3  | Got a brightly glowing iron amulet
 78187 | Crypt:3  | Got a faintly glowing tin ring
 78331 | Crypt:3  | Found a basalt altar of Yredelemnul.
 78747 | Crypt:3  | Noticed an ancient lich
 78874 | Crypt:3  | Killed an ancient lich
 79261 | Crypt:3  | Identified Uqesch's Almanac of Necromancy
 79645 | Crypt:3  | Found a staircase to the Tomb.
 80099 | Zot:1    | Entered Level 1 of the Realm of Zot
 80784 | Zot:1    | Reached XP level 23. HP: 116/116 MP: 41/41
 81106 | Zot:1    | Reached skill level 22 in Unarmed Combat
 81526 | Zot:1    | Noticed a curse toe
 81545 | Zot:1    | Killed a curse toe
 83402 | Zot:1    | Reached skill level 23 in Unarmed Combat
 83435 | Zot:1    | Slain by a white draconian knight
 83436 | Zot:1    | Reached XP level 22. HP: -3/148 MP: 30/40
 84261 | Zot:2    | Reached XP level 23. HP: 77/117 MP: 11/41
 85559 | Zot:3    | Reached skill level 24 in Unarmed Combat
 85688 | Zot:3    | Noticed a Killer Klown
 85690 | Zot:3    | Noticed a Killer Klown
 85717 | Zot:3    | Killed a Killer Klown
 85720 | Zot:3    | Killed a Killer Klown
 86774 | Zot:4    | Reached skill level 25 in Unarmed Combat
 87787 | Zot:5    | Entered Level 5 of the Realm of Zot
 87799 | Zot:4    | Identified the ring of Sovereignty {rF+ rN+ MP-9 Int+4 SInv} (You found it on level 3 of the Crypt)
 87800 | Zot:4    | Identified the amulet of Intercession {+Blink rPois Regen+} (You found it on level 3 of the Crypt)
 87801 | Zot:4    | Identified the ring "Kostukh" {*Drain rC+ rN+ Int+3} (You found it on level 3 of the Crypt)
 88157 | Zot:5    | Reached XP level 24. HP: 123/123 MP: 29/41
 88915 | Zot:5    | Noticed an orb of fire
 88942 | Zot:5    | Killed an orb of fire
 89206 | Zot:5    | Reached skill level 26 in Unarmed Combat
 89460 | Zot:5    | Got the Orb of Zot
 89915 | D:9      | Noticed Imenout the pandemonium lord
 89920 | D:9      | Paralysed by a floating eye for 3 turns
 89936 | D:9      | Killed Imenout the pandemonium lord
 90161 | D:$      | Escaped with the Orb!

Vault maps used:
D:1:      minmay_arrival_pointy
D:2:      first_ration, uniq_crazy_yiuf_cottage
D:4:      nicolae_overflow_hidden_temple, tso_oasis_becter,
          gammafunk_temple_overflow_wave, minmay_door_square,
          minmay_misc_feat_rows
D:5:      lemuel_temple_firewalk_b, portal_sewer_entry_e
D:6:      basic_altar, nicolae_ossuary_entry_plus, st_stairs_10
D:7:      hangedman_abyss_or_decor_lesser_grid, hex_large, uniq_prince_ribbit1
D:8:      nicolae_ru_great_annihilating_truth, minmay_holes, grunt_ogre_cave
D:9:      orc_0_dummy, grunt_gozag_breadcrumbs, uniq_grum, uniq_maurice
D:11:     lair_entry_dummy, trove_entry_hex_spiral, uniq_erica, uniq_josephine
D:12:     uniq_snorg
D:13:     serial_shops, nicolae_shop_trees, st_stairs_6,
          evilmike_ruin_ashenzari, uniq_frances
D:14:     david_vaults_4, minmay_misc_feat_nine_boxes
D:15:     hangedman_depths_entry_try_elsewhere_first,
          nicolae_dithmenos_through_a_glass_darkly, portal_ice_cave_entry_imps,
          nicolae_sextant, uniq_nessos
Temple:   dshaligram_water_room_temple
Lair:1:   nicolae_lair_grove_arrangements, serial_bayou_shore_b,
          serial_bayou_shore_a, infiniplex_staircase_pool, grunt_megastairs_5
Lair:2:   nicolae_swamp_entry_splash_gauntlet, st_stairs_11,
          cheibrodos_lair_caveside_slide, lemuel_old_faithful, uniq_gastronok
Lair:3:   minmay_snake_entry_spellcaster, grunt_megastairs_3
Lair:4:   bobbens_dragon_lair_wall
Lair:5:   dpeg_slime_entry_enclosed_altar, serial_bayou_lagoon_a,
          infiniplex_staircase_pool_2
Lair:6:   cheibrodos_lair_end_hotspot, st_stairs_3
Swamp:1:  gammafunk_mikee_crab_dinner, evilmike_swamp_ruin_house_1
Swamp:2:  serial_swamp_ruin, evilmike_swamp_ruin_house_5,
          evilmike_swamp_ruin_house_6, swamp_pool3, nicolae_swamp_fairy_circle
Swamp:3:  evilmike_swamp_ruin_rubble_2, swamp_pool1, st_swamp_mini
Swamp:4:  swamp_alternative
Snake:2:  nicolae_snake_biting_tails, grunt_megastairs_2, uniq_asterion
Snake:3:  grunt_ministairs_15, uniq_vashnia, uniq_saint_roka
Snake:4:  snake_pit_salamanders_mu, serial_shops, nicolae_shop_statue_plus,
          shop, shop, nicolae_shop_overgrown_old_shop, shop, minmay_snake_pond,
          uniq_nikola
Orc:1:    serial_shops, shop
Orc:2:    pf_orc_diabolical, serial_shops, shop
Elf:1:    elf_arrival_002, mu_enter_wizlab_5, hangedman_elf_represent
Elf:2:    minmay_shop_grid_forest, uniq_roxanne
Elf:3:    minmay_elf_hall_x, serial_shops, freezing_bzr, basic_altar,
          evilmike_surprise_oklob
Vaults:1: hangedman_vaults_maws, ontoclasm_vaults_shout, v_misc_3, v_misc_11,
          ontoclasm_vaults_chip, ontoclasm_vaults_claustrophobia,
          ontoclasm_vaults_ring_square
Vaults:2: v_misc_18, v_alt_pattern_2, vaults_dpeg_cross,
          nicolae_vaults_twisting_passages, nicolae_vaults_little_squares_1,
          minmay_crypt_entry_skeletal_spiral, v_misc_1, vaults_standard_mumra_x,
          vaults_room_glass_cross, vaults_room_corners, vaults_room_hallway,
          ontoclasm_vaults_loading_screen, vaults_dpeg_hooks, serial_shops,
          nicolae_shop_crystal, shop
Vaults:3: nicolae_vaults_triangles, v_alt_pattern_6, v_misc_18,
          hangedman_vaults_maws, nicolae_vaults_angled_halls,
          grunt_vaults_trifunnel, dpeg_vaults_pockets_of_resistance,
          v_alt_pattern_5, v_misc_17, ontoclasm_vaults_ligature,
          nicolae_vaults_little_ls, vaults_room_grid
Vaults:4: nicolae_vaults_little_squares_4, ontoclasm_vaults_decontamination,
          v_pattern_4, v_misc_4, nicolae_vaults_what_the_h, v_misc_32,
          nicolae_vaults_little_squares_2, vaults_mumra_hex,
          special_room_vaults, uniq_mennas
Crypt:2:  hangedman_hall_of_fallen_heroes
Crypt:3:  church_of_pain_bobbens
Depths:1: hell_entry, hangedman_abyss_entry_splay, minivault_14, st_stairs_1,
          basic_loot_grate_trap, lemuel_nasty_fountain
Depths:2: cheibrodos_hall_of_evolution, pan_entry,
          abyss_entry_small_statue_room, hell_entry, nrook_mini_vaults,
          nemelex_diamond_rough_becter, infiniplex_staircase_diamond,
          uniq_enchantress
Depths:3: minmay_tearing_corner, kennysheep_big_empty_room, hell_entry,
          grunt_pan_entry_in_and_out, minmay_the_grid_square_5x5_3x3_mashed,
          infiniplex_staircase_zigzag_4, minmay_shop_grove
Depths:4: evilmike_marble_ring, abyss_entry, roderic_roman_lattice,
          pf_hell_entry_great_geh, lemuel_flame_loot_1,
          kennysheep_random_hallway, uniq_xtahua
Depths:5: evilmike_zot_entry_argh, enter_ziggurat_a,
          nicolae_abyss_entry_one_way_or_another, hell_entry,
          hangedman_abyss_or_decor_stagger, rand_demon_pan_entry_3,
          minmay_tree_intersection, hangedman_decor_clover_reticule
Zot:2:    grunt_zot_stairs_overgrown
Zot:3:    grunt_zot_stairs_faceoff, basic_stair_grate_trap
Zot:4:    grunt_ministairs_11, bh_zot_lava_cross, hangedman_spider_trapstep
Abyss:3:  evilmike_abyss_exit_8, nicolae_abyss_rune_left_handed
Bazaar:   bazaar_minmay_generic_island
Sewer:    sewer_kobolds
Ossuary:  ossuary_tomb_3
WizLab:   wizlab_cigotuvi

Skill      XL: |  1  2  3  4  5  6  7  8  9 10 11 12 13 14 15 16 17 18 19 20 21 22 23 24 |
---------------+-------------------------------------------------------------------------+-----
Earth Magic    | 3 4 5 6 8 9 11 12 14 15 18 17 | 18.0
Spellcasting   | 3 4 5 6 7 9 10 13 12 | 13.0
Conjurations   | 1 2 3 4 6 7 8 10 15 14 | 15.0
Fire Magic     | 1 3 4 5 |  5.0
Dodging        | 7 12 11 13 15 16 17 20 19 | 20.0
Fighting       | 4 9 10 12 13 15 16 18 19 20 21 | 21.8
Transmutations | 8 9 10 | 10.0
Unarmed Combat | 5 11 13 14 15 18 19 20 21 25 26 | 26.3
Stealth        | 8 10 | 10.0
Charms         | 8 10 | 10.0
Air Magic      | 6 8 10 | 10.0

Action                   |  1- 3 |  4- 6 |  7- 9 | 10-12 | 13-15 | 16-18 | 19-21 | 22-24 || total
-------------------------+-------+-------+-------+-------+-------+-------+-------+-------++-------
Melee: Unarmed           |    15 |    54 |    19 |     1 |   691 |  2295 |  2256 |  1824 ||  7155
       Bite              |     1 |     3 |       |       |    73 |   210 |   196 |   190 ||   673
       Punch             |       |       |       |       |    31 |   119 |   160 |   189 ||   499
 Cast: Sandblast         |    45 |    69 |    56 |    40 |   308 |       |       |       ||   518
       Stone Arrow       |     1 |    23 |   101 |   212 |     5 |       |       |       ||   342
       Lee's Rapid Decon |       |       |    63 |   139 |   136 |       |     3 |       ||   341
       Conjure Flame     |       |       |       |     1 |     2 |       |       |       ||     3
       Iron Shot         |       |       |       |       |   558 |   165 |    86 |    72 ||   881
       Statue Form       |       |       |       |       |    69 |   142 |   127 |   115 ||   453
       Deflect Missiles  |       |       |       |       |       |     5 |    11 |     7 ||    23
       Regeneration      |       |       |       |       |       |       |    76 |   122 ||   198
       Shatter           |       |       |       |       |       |       |    18 |       ||    18
 Abil: End Transformatio |       |       |       |       |       |     1 |       |       ||     1
Evoke: Wand              |       |     2 |     4 |     9 |    11 |    19 |    10 |    19 ||    74
       Lamp of fire      |       |       |       |       |       |     2 |     2 |     3 ||     7
  Use: Scroll            |     3 |     8 |    15 |     8 |    19 |    13 |    16 |    16 ||    98
       Potion            |       |       |     1 |     1 |    11 |    12 |    16 |     9 ||    50
 Stab: Sleeping          |     5 |     1 |     1 |       |     2 |    17 |    30 |    15 ||    71
       Paralysed         |       |       |     5 |       |       |       |       |       ||     5
       Confused          |       |       |       |       |     2 |     1 |       |       ||     3
       Distracted        |       |       |       |       |     1 |     1 |     1 |     5 ||     8
       Fleeing           |       |       |       |       |       |       |     1 |       ||     1
       Invisible         |       |       |       |       |       |       |       |     5 ||     5
  Eat: Chunk             |     8 |     8 |    38 |    44 |   235 |   121 |   118 |    67 ||   639
       Ration            |       |       |       |       |    18 |    12 |     2 |    15 ||    47
Armor: Skin              |     1 |    18 |    20 |    13 |   439 |   819 |   669 |   455 ||  2434
Dodge: Dodged            |    18 |   106 |   112 |   101 |  2048 |  3624 |  3334 |  2358 || 11701
       Deflected         |       |       |       |       |       |    37 |   106 |    73 ||   216
Block: Other             |       |       |       |       |       |       |   401 |   456 ||   857
       Reflection        |       |       |       |       |       |       |    15 |     4 ||    19

Table legend:
 A = Spawn XP
 B = Non-spawn XP
 C = Spawn XP percentage of total XP
 D = Spawn monster count
 E = Non-spawn monster count
 F = Spawn count percentage of total count
 G = Total turns spent on level
                    A         B        C        D         E        F      G
               +---------+---------+-------+---------+---------+-------+---------
         Total |    5694 | 1684883 |   0.3 |      10 |    2533 |   0.4 | 90161
               +---------+---------+-------+---------+---------+-------+---------
           D:1 |       0 |      28 |   0.0 |       0 |      18 |   0.0 |   727
           D:2 |       0 |     142 |   0.0 |       0 |      27 |   0.0 |  1279
           D:3 |       0 |      51 |   0.0 |       0 |      18 |   0.0 |   822
           D:4 |       0 |     489 |   0.0 |       0 |      26 |   0.0 |  1572
           D:5 |       0 |     301 |   0.0 |       0 |      18 |   0.0 |   805
           D:6 |       0 |     903 |   0.0 |       0 |      15 |   0.0 |  1748
           D:7 |       0 |    2217 |   0.0 |       0 |      38 |   0.0 |  1407
           D:8 |       0 |    1915 |   0.0 |       0 |      34 |   0.0 |  1458
           D:9 |       0 |    3865 |   0.0 |       0 |      41 |   0.0 |  1350
          D:10 |       0 |    3527 |   0.0 |       0 |      28 |   0.0 |  1759
          D:11 |       0 |   10705 |   0.0 |       0 |      47 |   0.0 |  2250
          D:12 |       0 |    6316 |   0.0 |       0 |      30 |   0.0 |  1739
          D:13 |       0 |    5752 |   0.0 |       0 |      20 |   0.0 |   979
          D:14 |       0 |    7130 |   0.0 |       0 |      34 |   0.0 |  1919
          D:15 |       0 |   34678 |   0.0 |       0 |      83 |   0.0 |  1810
        Lair:1 |       0 |    1826 |   0.0 |       0 |      11 |   0.0 |   888
        Lair:2 |       0 |   11294 |   0.0 |       0 |      43 |   0.0 |  2217
        Lair:3 |       0 |    8109 |   0.0 |       0 |      35 |   0.0 |  1370
        Lair:4 |       0 |   13190 |   0.0 |       0 |      53 |   0.0 |  2730
        Lair:5 |       0 |   12596 |   0.0 |       0 |      39 |   0.0 |  2084
        Lair:6 |       0 |   21488 |   0.0 |       0 |      65 |   0.0 |  2529
       Swamp:1 |       0 |    9324 |   0.0 |       0 |      25 |   0.0 |  1354
       Swamp:2 |       0 |   13025 |   0.0 |       0 |      27 |   0.0 |  1669
       Swamp:3 |       0 |   18772 |   0.0 |       0 |      34 |   0.0 |  1383
       Swamp:4 |       0 |   28587 |   0.0 |       0 |      54 |   0.0 |  1983
       Snake:1 |       0 |   16315 |   0.0 |       0 |      27 |   0.0 |  1669
       Snake:2 |       0 |   13404 |   0.0 |       0 |      28 |   0.0 |  1286
       Snake:3 |       0 |   45547 |   0.0 |       0 |      72 |   0.0 |  2070
       Snake:4 |       0 |   79320 |   0.0 |       0 |     127 |   0.0 |  3615
         Orc:1 |       0 |    2762 |   0.0 |       0 |      10 |   0.0 |   583
         Orc:2 |       0 |   25256 |   0.0 |       0 |     109 |   0.0 |  3158
         Elf:1 |       0 |   28999 |   0.0 |       0 |      43 |   0.0 |  1044
         Elf:2 |       0 |   17769 |   0.0 |       0 |      28 |   0.0 |   844
         Elf:3 |    1244 |   66669 |   1.8 |       2 |      66 |   2.9 |  1920
      Vaults:1 |       0 |   34937 |   0.0 |       0 |      59 |   0.0 |  1712
      Vaults:2 |       0 |   48311 |   0.0 |       0 |      86 |   0.0 |  1645
      Vaults:3 |       0 |   64256 |   0.0 |       0 |      90 |   0.0 |  1898
      Vaults:4 |       0 |   76046 |   0.0 |       0 |     119 |   0.0 |  2979
       Crypt:1 |       0 |   24395 |   0.0 |       0 |      34 |   0.0 |  1013
       Crypt:2 |       0 |   33036 |   0.0 |       0 |      43 |   0.0 |  1307
       Crypt:3 |       0 |   86468 |   0.0 |       0 |      94 |   0.0 |  1895
      Depths:1 |       0 |   22979 |   0.0 |       0 |      32 |   0.0 |  1286
      Depths:2 |       0 |   57137 |   0.0 |       0 |      79 |   0.0 |  1405
      Depths:3 |       0 |   92164 |   0.0 |       0 |      83 |   0.0 |  3488
      Depths:4 |       0 |   99520 |   0.0 |       0 |      80 |   0.0 |  3041
      Depths:5 |       0 |   73053 |   0.0 |       0 |      55 |   0.0 |  1722
         Zot:1 |       0 |   99717 |   0.0 |       0 |      59 |   0.0 |  2583
         Zot:2 |       0 |   85280 |   0.0 |       0 |      57 |   0.0 |  2467
         Zot:3 |       0 |   66700 |   0.0 |       0 |      39 |   0.0 |   854
         Zot:4 |       0 |   57122 |   0.0 |       0 |      45 |   0.0 |  2304
         Zot:5 |       0 |  134077 |   0.0 |       0 |      54 |   0.0 |  1364
       Abyss:3 |    4450 |   15097 |  22.8 |       8 |      20 |  28.6 |   172
         Sewer |       0 |     119 |   0.0 |       0 |      10 |   0.0 |   319
       Ossuary |       0 |     180 |   0.0 |       0 |      16 |   0.0 |   407
        WizLab |       0 |    2018 |   0.0 |       0 |       6 |   0.0 |    55
               +---------+---------+-------+---------+---------+-------+---------
